 Dungeon Crawl Stone Soup version 0.20.0-4-g10b340a (webtiles) character file.

4239 mopl the Cleaver (level 10, -2/91 HPs)
             Began as a Hill Orc Berserker on May 27, 2017.
             Was a Priest of Trog.
             Slain by an ogre
             ... wielding a +0 giant club
              (15 damage)
             ... on level 7 of the Dungeon.
             The game lasted 00:09:51 (5930 turns).

mopl the Cleaver (Hill Orc Berserker)               Turns: 5930, Time: 00:09:52

Health: -2/91      AC: 15    Str: 21    XL:     10   Next: 30%
Magic:  10/10      EV:  8    Int:  7    God:    Trog [***...]
Gold:   472        SH:  0    Dex: 13    Spells: 9/9 levels left

rFire    . . .     SeeInvis .   a - +0 battleaxe
rCold    . . .     Gourm    .   (shield currently unavailable)
rNeg     . . .     Faith    .   y - +0 chain mail
rPois    +         Spirit   .   (no helmet)
rElec    .         Reflect  .   (no cloak)
rCorr    .         Harm     .   i - +1 pair of gloves
MR       .....                  n - +1 pair of boots
Stlth    ..........             (no amulet)
Regen    0.3/turn               j - ring of poison resistance
MPRegen  0.2/turn               K - ring of loudness (curse)

@: confused
A: no striking features
a: Berserk, Trog's Hand, Burn Spellbooks, Renounce Religion


You were on level 7 of the Dungeon.
You worshipped Trog.
Trog was most pleased with you.
You were hungry.

You visited 2 branches of the dungeon, and saw 9 of its levels.

You collected 472 gold pieces.

Inventory:

Hand Weapons
 a - a +0 battleaxe (weapon)
 b - a +0 blowgun
 D - the +7 trident of Muagryky {flame, +Fly rC+, unknown}
   (You found it on level 5 of the Dungeon)

   It has been specially enchanted to burn those struck by it, causing extra
   injury to most foes and up to half again as much damage against particularly
   susceptible opponents.
   It protects you from cold.
   It lets you fly.
 H - a +2 falchion of flaming
Missiles
 m - 13 javelins (quivered)
 t - 5 tomahawks
 C - 3 curare-tipped needles
 F - a throwing net
 L - 36 poisoned needles
 N - 3 needles of paralysis
Armour
 i - a +1 pair of gloves (worn)
 n - a +1 pair of boots (worn)
 y - a +0 chain mail (worn)
Jewellery
 j - a ring of poison resistance (left hand)
 J - an uncursed ring of positive energy
 K - a cursed ring of loudness (right hand)
Wands
 M - a wand of polymorph (4/24)
 O - a wand of flame (32/48)
Scrolls
 d - 8 scrolls of identify {unknown}
 f - 3 scrolls of immolation {unknown}
 g - 6 scrolls of teleportation {unknown}
 h - 2 scrolls of amnesia {unknown}
 l - a scroll of recharging {unknown}
 o - 4 scrolls of remove curse {unknown}
 p - 2 scrolls of enchant weapon {unknown}
 q - a scroll of fog {unknown}
 r - 2 scrolls of noise {unknown}
 s - a scroll of enchant armour {unknown}
Potions
 e - a potion of resistance {unknown}
 u - a potion of lignification {unknown}
 v - a potion of mutation {unknown}
 z - 2 potions of degeneration {unknown}
 B - 3 potions of curing {unknown}
 G - a potion of heal wounds {unknown}
Books
 x - a book of Misfortune

   Spells                             Type                      Level
   a - Confusing Touch                Hexes                        1
   b - Confuse                        Hexes                        3
   c - Gell's Gravitas                Translocation                3
   d - Petrify                        Transmutation/Earth          4
   e - Metabolic Englaciation         Hexes/Ice                    5
   f - Yara's Violent Unravelling     Hexes/Transmutation          5
   Trog disapproves of the use of such an item.
 E - a book of Conjurations

   Spells                             Type                      Level
   a - Magic Dart                     Conjuration                  1
   b - Searing Ray                    Conjuration                  2
   c - Dazzling Spray                 Conjuration/Hexes            3
   d - Fulminant Prism                Conjuration/Hexes            4
   e - Force Lance                    Conjuration/Translocation    4
   f - Iskenderun's Mystic Blast      Conjuration                  4
   Trog disapproves of the use of such an item.
Comestibles
 c - 4 bread rations
 k - 3 meat rations
 w - 4 chunks of flesh
 A - 20 fruits
 I - 2 royal jellies


   Skills:
 + Level 9.3 Fighting
 * Level 13.6 Axes
 + Level 8.4 Armour
 - Level 1.5 Dodging


You had 9 spell levels left.
You didn't know any spells.

Dungeon Overview and Level Annotations

Branches:
Dungeon (8/15)             Temple (1/1) D:5
   Lair: D:8-11

Altars:
Makhleb

Shops:
D:4 [

Annotations:
D:7 Maurice
D:8 Prince Ribbit


Message History

The ogre is severely wounded.
You miss Maurice.
Maurice pulsates ominously.
The ogre hits you but does no damage.
Unknown command.
Maurice blinks at you.
You are more confused.
The ogre hits you with a giant club!!
* * * LOW HITPOINT WARNING * * *
Unknown command.
Maurice blinks at you.
You are more confused.
You bump into the rock wall.
Maurice blinks at you. You resist with almost no effort.
The ogre closely misses you.
You closely miss the ogre.
The ogre is severely wounded.
Maurice turns its gaze towards you. The ogre hits you with a giant club!
You die...

....>####.##.##
##....###.##..##
..#....##.###..#
............##.####
..<.........##....##
............#####..###
.....................#
............####O##.##
..........(..(G.@##.#
.............######.#
..####......## #.###
.(##........#######...#
####.#<...............#
............###########
#......###### ..######
###


You could see an ogre and Maurice the golden eye.

Vanquished Creatures
  A two-headed ogre (D:8)
  Pikel (D:8)
  The ghost of Feta the Covered, a novice FoFi (D:5)
  Sigmund (D:4)
  2 vampire mosquitoes (D:8)
  A hungry ghost (D:7)
  An orc warrior (D:7)
  An ice beast (D:7)
  A sky beast (D:5)
  A slave (D:8)
  2 phantoms
  2 centaurs
  2 ogres
  A bullfrog (D:7)
  A big kobold (D:7)
  3 scorpions
  8 wights
  A howler monkey (D:7)
  3 crimson imps
  A bullfrog zombie (D:6)
  4 hounds
  A centaur zombie (D:7)
  A centaur skeleton (D:4)
  2 orc priests (D:7)
  2 iguanas
  2 orc wizards (D:6)
  11 worker ants
  2 hound skeletons (D:7)
  6 adders
  A shadow imp (D:7)
  2 adder skeletons
  A worm (D:2)
  2 dart slugs
  A leopard gecko (D:6)
  22 orcs
  A ball python (D:5)
  6 giant cockroaches
  5 goblins
  6 hobgoblins
  4 jackals (D:1)
  14 kobolds
  A quokka (D:3)
  7 bats
  7 frilled lizards
  A leopard gecko skeleton (D:5)
  A quokka zombie (D:6)
  6 rats
154 creatures vanquished.

Vanquished Creatures (collateral kills)
  A vampire mosquito (D:8)
1 creature vanquished.

Vanquished Creatures (others)
  3 slaves (D:8)
3 creatures vanquished.

Grand Total: 158 creatures vanquished

Notes
Turn   | Place    | Note
-------+----------+-------------------------------------------
     0 | D:1      | mopl the Hill Orc Berserker began the quest for the Orb.
     0 | D:1      | Reached XP level 1. HP: 19/19 MP: 1/1
   409 | D:1      | Reached XP level 2. HP: 15/27 MP: 2/2
   962 | D:2      | Reached skill level 5 in Axes
   962 | D:2      | Reached XP level 3. HP: 18/33 MP: 3/3
  1249 | D:2      | Reached ** piety under Trog
  1249 | D:2      | Reached skill level 4 in Fighting
  1546 | D:2      | Reached XP level 4. HP: 38/40 MP: 4/4
  1912 | D:3      | Reached skill level 3 in Armour
  2409 | D:4      | Noticed a phantom
  2448 | D:4      | Killed a phantom
  2448 | D:4      | Reached skill level 6 in Axes
  2448 | D:4      | Reached XP level 5. HP: 32/47 MP: 5/5
  2518 | D:4      | Reached skill level 5 in Fighting
  2518 | D:4      | Reached XP level 6. HP: 56/56 MP: 6/6
  2706 | D:3      | Reached skill level 7 in Axes
  2728 | D:4      | Found a burning altar of Makhleb.
  2734 | D:4      | Reached *** piety under Trog
  2760 | D:4      | Found Teygaf's Antique Armour Emporium.
  2994 | D:4      | Noticed Sigmund
  3017 | D:4      | Killed Sigmund
  3017 | D:4      | Reached skill level 4 in Armour
  3017 | D:4      | Reached XP level 7. HP: 61/61 MP: 7/7
  3069 | D:4      | Reached skill level 8 in Axes
  3315 | D:5      | Entered Level 5 of the Dungeon
  3401 | D:5      | Found a staircase to the Ecumenical Temple.
  3416 | Temple   | Entered the Ecumenical Temple
  3791 | D:5      | Reached skill level 6 in Fighting
  3971 | D:5      | Got a jewelled trident
  4032 | D:5      | Reached skill level 9 in Axes
  4032 | D:5      | Reached skill level 5 in Armour
  4126 | D:5      | Reached XP level 8. HP: 71/71 MP: 8/8
  4319 | D:5      | Noticed Feta's ghost (novice FoFi)
  4339 | D:5      | Killed Feta's ghost
  4339 | D:5      | Reached skill level 7 in Fighting
  4339 | D:5      | Reached skill level 10 in Axes
  4671 | D:6      | Reached skill level 6 in Armour
  4911 | D:6      | Reached skill level 11 in Axes
  4911 | D:6      | Reached XP level 9. HP: 52/79 MP: 9/9
  5454 | D:7      | Reached skill level 8 in Fighting
  5460 | D:7      | Reached skill level 7 in Armour
  5567 | D:7      | Reached **** piety under Trog
  5567 | D:7      | Reached skill level 12 in Axes
  5604 | D:7      | Received a gift from Trog
  5811 | D:8      | Noticed Pikel
  5823 | D:8      | Killed Pikel
  5823 | D:8      | Reached skill level 13 in Axes
  5823 | D:8      | Reached XP level 10. HP: 90/90 MP: 10/10
  5823 | D:8      | Reached skill level 8 in Armour
  5835 | D:8      | Noticed a two-headed ogre
  5837 | D:8      | Noticed Maurice
  5850 | D:8      | Killed a two-headed ogre
  5850 | D:8      | Reached skill level 9 in Fighting
  5869 | D:8      | Noticed Maurice
  5869 | D:8      | Maurice changed into Maurice the golden eye
  5878 | D:8      | Noticed Prince Ribbit
  5930 | D:7      | Slain by an ogre

Skill      XL: |  1  2  3  4  5  6  7  8  9 10 |
---------------+-------------------------------+-----
Axes           | 5 6 7 9 11 13 | 13.6
Fighting       | 4 5 6 7 8 9 |  9.3
Armour         | 3 4 5 6 7 8 |  8.4
Dodging        | |  1.5

Action                   |  1- 3 |  4- 6 |  7- 9 | 10-12 || total
-------------------------+-------+-------+-------+-------++-------
Melee: Hand axe          |   107 |   180 |   346 |       ||   633
       Battleaxe         |       |       |    60 |    34 ||    94
Invok: Berserk           |     3 |     3 |     7 |       ||    13
       Trog's Hand       |       |     1 |     1 |     2 ||     4
       Brothers in Arms  |       |       |       |     1 ||     1
Evoke: Wand              |       |       |       |     3 ||     3
 Stab: Sleeping          |     1 |       |       |       ||     1
  Eat: Chunk             |     5 |     6 |    18 |     2 ||    31
       Royal jelly       |       |       |     1 |       ||     1
Armor: Animal skin       |    27 |    27 |       |       ||    54
       Scale mail        |       |    53 |       |       ||    53
       Chain mail        |       |    12 |   212 |    26 ||   250
Dodge: Dodged            |    93 |    82 |   117 |    30 ||   322
